[Event "EYCC G10-ch 2024"]
[Site "Prague"]
[Date "2024.08.30"]
[Round "8.4"]
[White "Ahmadli, Mehriban"]
[Black "Stoica, Melina-Theodora"]
[Result "1-0"]
[ECO "B11"]
[WhiteElo "1646"]
[BlackElo "1576"]
[Annotator "NA RC"]
[PlyCount "103"]
[EventDate "2024.08.19"]
[EventType "swiss"]
[EventCountry "CZE"]
[SourceTitle "playchess.com"]
[Source "ChessBase"]
[SourceQuality "1"]
[TimeControl "5400+30"]

1. e4 c6 2. Nc3 d5 3. Nf3 Bg4 4. h3 Bxf3 5. Qxf3 e6 6. d4 dxe4 7. Qxe4 Nf6 8. Qd3 Nbd7 9. g4 Bb4 10. Bd2 Qc7 11. O-O-O O-O-O 12. Qc4 Ba5 13. b4 Bb6 14. a4 a6 15. a5 Ba7 16. Ne2 Ne4 17. Be3 Ndf6 18. Bg2 Nd6 19. Qb3 Nd5 20. c4 Nxe3 21. fxe3 Kb8 22. c5 Nb5 23. Rhf1 Rhf8 24. g5 Qe7 25. h4 g6 26. Rf6 Qc7 27. Rf4 e5 28. Rf2 exd4 29. exd4 Qe7 30. Rd2 Qc7 31. Qf3 Qe7 32. Qb3 Qc7 33. Bh1 Ka8 34. Qc4 Bb8 35. d5 cxd5 36. Rxd5 Rxd5 37. Qxd5 Ba7 38. Ng3 Rd8 39. Qxf7 Qxf7 40. Rxf7 Rb8 41. Rxh7 Nd4 42. Kd2 Nc6 43. Bxc6 bxc6 44. Rg7 Rxb4 45. Rxg6 Rxh4 46. Rg8+ Bb8 47. g6 Ra4 48. g7 Rg4 49. Nf5 Ka7 50. Re8 Bf4+ 51. Ke2 Rxg7 52. Nxg7 1-0

[Event "EYCC G10-ch 2024"]
[Site "Prague"]
[Date "2024.08.30"]
[Round "8.5"]
[White "Constantin-Ciuntu, Anne-Sophie"]
[Black "Milojevic, Dunja"]
[Result "1-0"]
[ECO "B80"]
[WhiteElo "1641"]
[BlackElo "1568"]
[Annotator "NA RC"]
[PlyCount "139"]
[EventDate "2024.08.19"]
[EventType "swiss"]
[EventCountry "CZE"]
[SourceTitle "playchess.com"]
[Source "ChessBase"]
[SourceQuality "1"]
[TimeControl "5400+30"]

1. e4 c5 2. Nf3 e6 3. d4 cxd4 4. Nxd4 Nf6 5. Nc3 d6 6. Be3 a6 7. f4 Qc7 8. Qf3 Nbd7 9. g4 e5 10. Nf5 g6 11. Ng3 exf4 12. Bxf4 Bg7 13. h3 O-O 14. O-O-O Ne5 15. Bxe5 dxe5 16. g5 Nd7 17. Nd5 Qa5 18. Ne7+ Kh8 19. Nxc8 Raxc8 20. Rxd7 Qxa2 21. Qa3 Qe6 22. Rxb7 Rxc2+ 23. Kxc2 Qc6+ 24. Kb1 Qxb7 25. Qxa6 Qe7 26. h4 Qb4 27. Bh3 Rb8 28. Qe2 Qb3 29. Rg1 Bf8 30. Rg2 Ba3 31. Qd2 Kg7 32. h5 Be7 33. Qd5 Qc3 34. Rf2 Qe1+ 35. Ka2 Qxf2 36. Qxe5+ Kg8 37. Qxb8+ Bf8 38. h6 Qe3 39. Qe5 Qa7+ 40. Kb3 Qb6+ 41. Kc2 Qf2+ 42. Kd3 Qe1 43. Bf1 Qb1+ 44. Ke3 Qc1+ 45. Kf3 Qd1+ 46. Be2 Qb3+ 47. Qc3 Qb8 48. Bc4 Qd8 49. Qf6 Qxf6+ 50. gxf6 Bxh6 51. b4 Bf8 52. b5 Bd6 53. b6 h5 54. Ne2 Be5 55. b7 g5 56. Nd4 g4+ 57. Kg2 h4 58. Nc6 h3+ 59. Kg1 Bc7 60. e5 g3 61. Bf1 Bb6+ 62. Kh1 g2+ 63. Bxg2 hxg2+ 64. Kxg2 Bc7 65. Kf3 Kh7 66. Ke4 Kg6 67. b8=Q Bxb8 68. Nxb8 Kh7 69. Nc6 Kg8 70. Nd8 1-0

[Event "EYCC G10-ch 2024"]
[Site "Prague"]
[Date "2024.08.30"]
[Round "8.6"]
[White "Paunescu, Aida"]
[Black "Slusarczyk, Agnieszka"]
[Result "1/2-1/2"]
[ECO "C30"]
[WhiteElo "1603"]
[BlackElo "1614"]
[Annotator "NA RC"]
[PlyCount "64"]
[EventDate "2024.08.19"]
[EventType "swiss"]
[EventCountry "CZE"]
[SourceTitle "playchess.com"]
[Source "ChessBase"]
[SourceQuality "1"]
[TimeControl "5400+30"]

1. e4 e5 2. f4 Nc6 3. Nf3 f5 4. d3 d6 5. Nc3 Nf6 6. Be2 Be7 7. O-O O-O 8. Be3 exf4 9. Bxf4 Kh8 10. Bg3 Ng4 11. Qd2 fxe4 12. dxe4 Bf6 13. h3 Nge5 14. Nxe5 Nxe5 15. Nd5 Be6 16. Rad1 Bxd5 17. exd5 Ng6 18. b3 Qe7 19. Rde1 Bg5 20. Qd3 Nf4 21. Bxf4 Bxf4 22. Bg4 Qh4 23. Re4 Be5 24. Rf3 Qg5 25. Qe3 Qxe3+ 26. Rfxe3 Rae8 27. Be6 c6 28. c4 Rf6 29. Rf3 Rxf3 30. gxf3 c5 31. Kf1 Rf8 32. Ke2 g6 1/2-1/2

[Event "EYCC G10-ch 2024"]
[Site "Prague"]
[Date "2024.08.30"]
[Round "8.7"]
[White "Bhaumik, Mehr"]
[Black "Tykalova, Barbora"]
[Result "1-0"]
[ECO "A45"]
[WhiteElo "1606"]
[BlackElo "1580"]
[Annotator "NA RC"]
[PlyCount "65"]
[EventDate "2024.08.19"]
[EventType "swiss"]
[EventCountry "CZE"]
[SourceTitle "playchess.com"]
[Source "ChessBase"]
[SourceQuality "1"]
[TimeControl "5400+30"]

1. d4 Nf6 2. Nc3 g6 3. e4 Bg7 4. e5 Ng8 5. Be3 d6 6. exd6 cxd6 7. Qd2 a6 8. Bd3 Nc6 9. Nge2 Nb4 10. Bc4 Bf5 11. Bd3 Nxd3+ 12. cxd3 h6 13. O-O Nf6 14. Rac1 b5 15. f3 h5 16. Ne4 Nd5 17. Nf4 Nxe3 18. Qxe3 Qb6 19. Kh1 Bxd4 20. Qe2 Bxe4 21. Qxe4 O-O 22. Nd5 Qa7 23. Rc7 Qb8 24. Qxd4 e5 25. Qc3 a5 26. Nf6+ Kg7 27. Nd7 b4 28. Qc2 Qb5 29. Nxf8 Rxf8 30. Qc4 Qb6 31. Qc6 Qd4 32. Qc2 Qb6 33. Rc6 1-0

[Event "EYCC G10-ch 2024"]
[Site "Prague"]
[Date "2024.08.30"]
[Round "8.8"]
[White "Hatuk, Neris"]
[Black "Rekhviashvili, Mariam"]
[Result "1/2-1/2"]
[ECO "C10"]
[WhiteElo "1671"]
[BlackElo "1542"]
[Annotator "NA RC"]
[PlyCount "188"]
[EventDate "2024.08.19"]
[EventType "swiss"]
[EventCountry "CZE"]
[SourceTitle "playchess.com"]
[Source "ChessBase"]
[SourceQuality "1"]
[TimeControl "5400+30"]

1. e4 e6 2. d4 d5 3. Nc3 dxe4 4. Nxe4 Nd7 5. Be3 Ngf6 6. Nxf6+ Nxf6 7. Qd2 b6 8. Nf3 Bb7 9. Ne5 a6 10. f3 Bd6 11. Nc4 Be7 12. O-O-O Nd5 13. Kb1 c5 14. Be2 Nxe3 15. Qxe3 cxd4 16. Rxd4 Qc7 17. Rg4 b5 18. Nd2 Rc8 19. Bd3 Bf6 20. Ne4 Bxe4 21. Qxe4 Qe5 22. Qxe5 Bxe5 23. Re1 Bf6 24. a4 h5 25. Rge4 bxa4 26. Rxa4 Rb8 27. b3 a5 28. Ree4 Bc3 29. Rec4 Bd2 30. c3 Be3 31. Rxa5 Rxb3+ 32. Kc2 Rb8 33. Rh4 g6 34. Re4 Bg1 35. h3 O-O 36. g4 h4 37. f4 Bb6 38. Rb5 Bc7 39. Rxb8 Rxb8 40. f5 exf5 41. gxf5 g5 42. Re7 Bd8 43. Rd7 f6 44. Bc4+ Kf8 45. Be6 Be7 46. c4 Rd8 47. Rb7 Ke8 48. Rc7 Rb8 49. c5 g4 50. hxg4 h3 51. Bd5 Kd8 52. Ra7 h2 53. c6 Rc8 54. Rd7+ Ke8 55. Rb7 Kd8 56. Rb1 Bc5 57. Re1 Kc7 58. Kc3 Rd8 59. Bh1 Kb6 60. Rb1+ Kc7 61. Rb7+ Kd6 62. Rh7 Bg1 63. Rf7 Ke5 64. Re7+ Kd6 65. Re6+ Kc7 66. Re2 Rd6 67. Re7+ Kc8 68. Re8+ Rd8 69. Rxd8+ Kxd8 70. Kc4 Bb6 71. Kd5 Ke7 72. Ke4 Kd6 73. Kf4 Bc7 74. g5 Ke7+ 75. Kg4 Kf7 76. Kh5 fxg5 77. Kxg5 Bd8+ 78. Kf4 Kf6 79. Ke4 Bc7 80. Bg2 Bg3 81. Bf3 Bc7 82. Bg2 Bg3 83. Kf3 Bc7 84. Kg4 Bd6 85. Be4 Bc7 86. Kh5 h1=Q+ 87. Bxh1 Kxf5 88. Kh6 Ke5 89. Kg7 Kd4 90. Kf7 Bh2 91. Ke6 Bg3 92. Bd5 Bh2 93. Kd7 Kxd5 94. c7 Bxc7 1/2-1/2

[Event "EYCC G10-ch 2024"]
[Site "Prague"]
[Date "2024.08.30"]
[Round "8.9"]
[White "Karabas, Beren Nisa"]
[Black "Nguyen Doan, Bao Anh Angelina"]
[Result "1-0"]
[ECO "A57"]
[WhiteElo "1494"]
[BlackElo "1659"]
[Annotator "NA RC"]
[PlyCount "113"]
[EventDate "2024.08.19"]
[EventType "swiss"]
[EventCountry "CZE"]
[SourceTitle "playchess.com"]
[Source "ChessBase"]
[SourceQuality "1"]
[TimeControl "5400+30"]

1. d4 Nf6 2. c4 c5 3. d5 b5 4. cxb5 a6 5. b6 Qxb6 6. Nc3 g6 7. Nf3 Bg7 8. e4 d6 9. Nd2 Nbd7 10. Nc4 Qb8 11. a4 a5 12. Na3 O-O 13. Bb5 Bb7 14. O-O Qc7 15. Be3 e6 16. Be2 exd5 17. exd5 Nb6 18. Bf3 Ba6 19. Nab5 Qd7 20. Qb3 Rfe8 21. Bf4 Nc8 22. Rfe1 Rb8 23. Qc2 Rb6 24. Qd2 Na7 25. Be2 Nc8 26. Bh6 Bxh6 27. Qxh6 Re5 28. Qd2 Bb7 29. f4 Re8 30. Na3 Ne7 31. Bb5 Rxb5 32. Naxb5 Nfxd5 33. Ne4 Qg4 34. Nc7 Rb8 35. Nxd5 Nxd5 36. Qxd5 Bxd5 37. Nf6+ Kf8 38. Nxg4 Rxb2 39. Ne3 Be4 40. Rad1 Ra2 41. Rxd6 Rxa4 42. Rd8+ Ke7 43. Rc8 f5 44. Rxc5 Ra2 45. g4 Kf6 46. gxf5 gxf5 47. Ng4+ Kg6 48. Nf2 Bf3 49. Rc3 Ba8 50. h3 a4 51. Re6+ Kf7 52. Ra6 Bd5 53. Rc7+ Ke8 54. Rb6 Kd8 55. Rxh7 Kc8 56. Rf6 Ra1+ 57. Kh2 1-0

[Event "EYCC G10-ch 2024"]
[Site "Prague"]
[Date "2024.08.30"]
[Round "8.10"]
[White "Kiryttopoulou, Eleonora Kaisa"]
[Black "Wang, Yi Xuan"]
[Result "0-1"]
[ECO "B27"]
[WhiteElo "1525"]
[BlackElo "1734"]
[Annotator "NA RC"]
[PlyCount "96"]
[EventDate "2024.08.19"]
[EventType "swiss"]
[EventCountry "CZE"]
[SourceTitle "playchess.com"]
[Source "ChessBase"]
[SourceQuality "1"]
[TimeControl "5400+30"]

1. e4 c5 2. Nf3 g6 3. c3 Bg7 4. d4 cxd4 5. cxd4 d5 6. e5 a6 7. h3 f6 8. Nc3 Nc6 9. exf6 Nxf6 10. Be2 O-O 11. O-O Nh5 12. Ne5 Nf4 13. Nxc6 bxc6 14. Be3 Rb8 15. Qc2 Bf5 16. Qd2 Nxe2+ 17. Qxe2 a5 18. a3 Qe8 19. Rfe1 Qf7 20. Na4 Rb5 21. Rac1 Bd7 22. Rc5 Rxc5 23. Nxc5 Bc8 24. Qd2 e5 25. dxe5 Bxe5 26. b3 Qf6 27. Bg5 Bc3 28. Qe3 Qd4 29. Bh6 Qxe3 30. Rxe3 Bd4 31. Bxf8 Bxe3 32. Bd6 Bc1 33. Nd3 Bd2 34. Kf1 Ba6 35. Ke2 Bc3 36. Ke3 Kf7 37. Ne5+ Ke6 38. Nxc6 Kxd6 39. Nd4 Bb2 40. a4 Bf1 41. g3 Bxh3 42. Nc2 Bf5 43. Nd4 Bxd4+ 44. Kxd4 Be4 45. f4 h5 46. Kc3 Kc5 47. b4+ axb4+ 48. Kb3 d4 0-1

[Event "EYCC G10-ch 2024"]
[Site "Prague"]
[Date "2024.08.30"]
[Round "8.11"]
[White "Kocherha, Yelizavieta"]
[Black "Serradell Munoz, Silvia"]
[Result "0-1"]
[ECO "B21"]
[WhiteElo "1519"]
[BlackElo "1619"]
[Annotator "NA RC"]
[PlyCount "104"]
[EventDate "2024.08.19"]
[EventType "swiss"]
[EventCountry "CZE"]
[SourceTitle "playchess.com"]
[Source "ChessBase"]
[SourceQuality "1"]
[TimeControl "5400+30"]

1. e4 c5 2. d4 cxd4 3. c3 d3 4. Bxd3 g6 5. Nf3 Bg7 6. O-O Nc6 7. Be3 Nf6 8. Qd2 Ng4 9. Bc4 Nxe3 10. fxe3 O-O 11. Qf2 e6 12. Nbd2 Na5 13. Rad1 Nxc4 14. Nxc4 Qc7 15. Nd6 Qd8 16. Qg3 Qe7 17. e5 f6 18. exf6 Bxf6 19. Ne5 Qg7 20. Nec4 b6 21. a4 Ba6 22. Rf4 Bxc4 23. Nxc4 d5 24. Nd2 Rfe8 25. Nf3 Be7 26. Ne5 Bd6 27. Ng4 Bxf4 28. Qxf4 Rad8 29. Nf6+ Kh8 30. Nxe8 Rxe8 31. Rf1 Kg8 32. Qd6 Qh6 33. Rf3 Qh4 34. Qf4 Qxf4 35. Rxf4 Rf8 36. Rxf8+ Kxf8 37. Kf2 Kf7 38. Kf3 Kf6 39. h4 Ke5 40. g4 h6 41. b4 a6 42. Kf2 Ke4 43. Ke2 e5 44. h5 g5 45. Kf2 Kd3 46. Kf3 e4+ 47. Kf2 Kd2 48. Kf1 Kxe3 49. Ke1 Kd3 50. b5 a5 51. Kd1 e3 52. Ke1 e2 0-1

[Event "EYCC G10-ch 2024"]
[Site "Prague"]
[Date "2024.08.30"]
[Round "8.12"]
[White "Isakhanyan, Nare"]
[Black "Horodna, Anna"]
[Result "0-1"]
[ECO "D32"]
[WhiteElo "1512"]
[BlackElo "1603"]
[Annotator "NA RC"]
[PlyCount "44"]
[EventDate "2024.08.19"]
[EventType "swiss"]
[EventCountry "CZE"]
[SourceTitle "playchess.com"]
[Source "ChessBase"]
[SourceQuality "1"]
[TimeControl "5400+30"]

1. d4 d5 2. c4 e6 3. Nc3 c5 4. cxd5 cxd4 5. Qxd4 Nc6 6. Qd1 exd5 7. Qxd5 Bd7 8. a3 Nf6 9. Qd1 Bc5 10. e3 Qe7 11. b4 Bb6 12. Nf3 O-O-O 13. Qb3 g5 14. Be2 Rhg8 15. O-O g4 16. Nd2 g3 17. hxg3 Rxg3 18. Bf3 Ng4 19. Bxg4 Rxg4 20. g3 Bxe3 21. Nd5 Rxg3+ 22. Kh2 Qh4# 0-1

[Event "EYCC G10-ch 2024"]
[Site "Prague"]
[Date "2024.08.30"]
[Round "8.13"]
[White "Perea Fruet, Alba"]
[Black "Goralik, Zuzanna"]
[Result "0-1"]
[ECO "D09"]
[WhiteElo "1590"]
[BlackElo "1459"]
[Annotator "NA RC"]
[PlyCount "210"]
[EventDate "2024.08.19"]
[EventType "swiss"]
[EventCountry "CZE"]
[SourceTitle "playchess.com"]
[Source "ChessBase"]
[SourceQuality "1"]
[TimeControl "5400+30"]

1. d4 d5 2. c4 e5 3. dxe5 d4 4. Nf3 Nc6 5. g3 Nge7 6. Nbd2 Ng6 7. Bg2 Ngxe5 8. O-O Nxf3+ 9. Nxf3 Bc5 10. b3 O-O 11. Bb2 Bf5 12. a3 a5 13. Qd2 Qd7 14. Rfd1 Rad8 15. Qg5 h6 16. Qc1 Qe6 17. Rd2 Rd7 18. Qd1 Rfd8 19. Qf1 Qe7 20. Nh4 Bh7 21. Nf3 Be4 22. Ne1 Bxg2 23. Qxg2 Qg5 24. Rad1 Qf5 25. Nd3 Be7 26. h4 Bd6 27. Ne1 Be7 28. Nf3 Bc5 29. Rd3 Rd6 30. Qf1 R8d7 31. R1d2 Qe4 32. Qg2 Ba7 33. Ne1 Qxg2+ 34. Kxg2 Ne5 35. Rd1 Nxd3 36. Nxd3 Re7 37. Rd2 c5 38. Kf1 b6 39. a4 g5 40. hxg5 hxg5 41. Kg2 Rde6 42. Nc1 Rh6 43. Rd3 f6 44. e3 dxe3 45. fxe3 Kg7 46. Rd5 Kg6 47. Rd6 Kf5 48. Nd3 g4 49. Rd5+ Kg6 50. Nf4+ Kf7 51. Rf5 Rxe3 52. Rd5 Re7 53. Rd6 Kg7 54. Ne6+ Kg6 55. Nf4+ Kf5 56. Rd5+ Ke4 57. Rd2 Reh7 58. Re2+ Kf5 59. Kf2 Rh2+ 60. Ng2 R7h3 61. Ke1 Rxg3 62. Rf2+ Ke4 63. Re2+ Kf5 64. Rf2+ Ke6 65. Nf4+ Kf5 66. Ne2+ Rxf2 67. Nxg3+ Kf4 68. Kxf2 f5 69. Bg7 Kg5 70. Bb2 Bb8 71. Ne2 f4 72. Bc1 Kf5 73. Nc3 f3 74. Nd5 Ke4 75. Be3 g3+ 76. Kg1 Kd3 77. Kf1 Kc2 78. Nxb6 Kxb3 79. Bxc5 Ba7 80. Be3 Bb8 81. c5 Kc3 82. Bg1 f2 83. Bxf2 gxf2 84. Kxf2 Kb4 85. c6 Ba7 86. c7 Bxb6+ 87. Ke2 Bxc7 88. Kd2 Kxa4 89. Kc2 Ka3 90. Kb1 Be5 91. Kc2 Ka2 92. Kc1 Bb2+ 93. Kc2 a4 94. Kd1 Kb1 95. Kd2 a3 96. Kd3 a2 97. Kc4 a1=Q 98. Kd5 Qa4 99. Kc5 Qd4+ 100. Kb5 Qc3 101. Ka6 Qb4 102. Ka7 Be5 103. Ka6 Bc7 104. Ka7 Qb6+ 105. Ka8 Qb8# 0-1

[Event "EYCC G10-ch 2024"]
[Site "Prague"]
[Date "2024.08.30"]
[Round "8.14"]
[White "Babazade, Khadija"]
[Black "Macakova, Bianka"]
[Result "0-1"]
[ECO "A52"]
[WhiteElo "1509"]
[BlackElo "1568"]
[Annotator "NA RC"]
[PlyCount "104"]
[EventDate "2024.08.19"]
[EventType "swiss"]
[EventCountry "CZE"]
[SourceTitle "playchess.com"]
[Source "ChessBase"]
[SourceQuality "1"]
[TimeControl "5400+30"]

1. d4 Nf6 2. c4 e5 3. dxe5 Ng4 4. Nf3 Bc5 5. e3 Nc6 6. b3 O-O 7. Bb2 Re8 8. Bd3 h6 9. O-O Ngxe5 10. Nxe5 Nxe5 11. Bc2 a5 12. Qh5 d6 13. Rd1 Bg4 14. Qxe5 Rxe5 15. Rf1 Rg5 16. Kh1 Rh5 17. g3 Bf3+ 18. Kg1 Qd7 19. Nd2 Be2 20. h4 Bxf1 21. Kxf1 Re8 22. Ne4 Qg4 23. Nxc5 Rxc5 24. Bd4 Rc6 25. a3 d5 26. c5 f5 27. b4 Rce6 28. bxa5 f4 29. gxf4 Qxh4 30. Rb1 Ra6 31. Rxb7 Rxa5 32. Rxc7 Qh1+ 33. Ke2 Qg2 34. a4 Qg4+ 35. Kf1 Rc8 36. Rb7 h5 37. f5 Raxc5 38. Bxc5 Rxc5 39. Rb8+ Kf7 40. Rb7+ Ke8 41. Rb8+ Kd7 42. Rb7+ Kc8 43. Rb2 h4 44. Ke1 h3 45. Kd2 h2 46. Rb1 Qf3 47. Bd3 Ra5 48. Rc1+ Kd7 49. Be2 Qg2 50. f6 gxf6 51. Bb5+ Rxb5 52. axb5 h1=Q 0-1

[Event "EYCC G10-ch 2024"]
[Site "Prague"]
[Date "2024.08.31"]
[Round "9.1"]
[White "Jaksa, Ema"]
[Black "Chen, Yuefan"]
[Result "1-0"]
[ECO "B25"]
[WhiteElo "1551"]
[BlackElo "1682"]
[Annotator "NA RC COMBH"]
[PlyCount "141"]
[EventDate "2024.08.19"]
[EventType "swiss"]
[EventCountry "CZE"]
[SourceTitle "playchess.com"]
[Source "ChessBase"]
[SourceQuality "1"]
[TimeControl "5400+30"]

1. e4 c5 2. Nc3 d6 3. g3 Nc6 4. Bg2 g6 5. d3 Bg7 6. f4 e6 7. Nf3 Nge7 8. O-O O-O 9. Be3 Rb8 10. Qd2 b6 11. g4 f5 12. g5 d5 13. exd5 Nxd5 14. Nxd5 exd5 15. d4 c4 16. c3 Be6 17. Rae1 Qc7 18. h4 b5 19. Ne5 Rbd8 20. Qe2 Nxe5 21. dxe5 Rfe8 22. Qf2 Rd7 23. Bc5 Bf8 24. Bxf8 Rxf8 25. Rd1 Rc8 26. Qe2 Qc5+ 27. Qf2 Qxf2+ 28. Rxf2 Kf7 29. Rfd2 Rcd8 30. Kf2 Ke7 31. Ke3 a5 32. a3 a4 33. Rh1 Kf7 34. h5 Kg7 35. hxg6 hxg6 36. Bf3 Bg8 37. Kd4 Rc8 38. Re2 Be6 39. Reh2 Bg8 40. e6 Bxe6 41. Rh7+ Kf8 42. Rxd7 Bxd7 43. Rh8+ Ke7 44. Rxc8 Bxc8 45. Bxd5 Bd7 46. Kc5 Be8 47. Bc6 Bxc6 48. Kxc6 Ke6 49. Kc5 Ke7 50. Kxb5 Ke6 51. Kxc4 Kd6 52. Kd4 Ke6 53. c4 Kd6 54. c5+ Kc6 55. Kc4 Kc7 56. Kd5 Kd7 57. c6+ Kc7 58. Kc5 Kc8 59. Kd6 Kd8 60. Ke6 Kc7 61. Kf6 Kxc6 62. Kxg6 Kc5 63. Kxf5 Kc4 64. g6 Kb3 65. g7 Kxb2 66. g8=Q Kxa3 67. Qb8 Ka2 68. Ke4 a3 69. Kd3 Ka1 70. Kc2 a2 71. Qb2# 1-0

[Event "EYCC G10-ch 2024"]
[Site "Prague"]
[Date "2024.08.31"]
[Round "9.2"]
[White "Russieva, Svitlana"]
[Black "Ahmadli, Mehriban"]
[Result "1-0"]
[ECO "B34"]
[WhiteElo "1597"]
[BlackElo "1646"]
[Annotator "NA RC COMBH"]
[PlyCount "175"]
[EventDate "2024.08.19"]
[EventType "swiss"]
[EventCountry "CZE"]
[SourceTitle "playchess.com"]
[Source "ChessBase"]
[SourceQuality "1"]
[TimeControl "5400+30"]

1. e4 c5 2. Nc3 Nc6 3. Nf3 g6 4. d4 cxd4 5. Nxd4 Bg7 6. Be3 Nf6 7. h3 O-O 8. Qd2 a6 9. O-O-O Nxd4 10. Bxd4 d6 11. g4 b5 12. f3 Nd7 13. Bxg7 Kxg7 14. h4 h6 15. h5 g5 16. f4 f6 17. fxg5 fxg5 18. Qd4+ Ne5 19. Be2 Be6 20. Rhf1 Qd7 21. Nd5 Bxd5 22. exd5 Rf6 23. Rxf6 exf6 24. Rf1 Rf8 25. Qe4 Qf7 26. a4 bxa4 27. Qxa4 Qxd5 28. Bxa6 Ra8 29. Rd1 Qc5 30. Qe4 Rd8 31. Bd3 Nxd3+ 32. Rxd3 Kf7 33. Re3 Rc8 34. Qg6+ Kf8 35. Qxf6+ Kg8 36. Qg6+ Kh8 37. Qxh6+ Kg8 38. Qg6+ Kh8 39. Re8+ Rxe8 40. Qxe8+ Kg7 41. Qg6+ Kh8 42. Qd3 Qg1+ 43. Qd1 Qe3+ 44. Kb1 Qe5 45. Qd2 Kg8 46. Qc3 Qf4 47. Qc8+ Kg7 48. Qd7+ Kg8 49. Qe6+ Kg7 50. b3 Qf1+ 51. Kb2 Qf4 52. Qd7+ Kg8 53. Qc8+ Kg7 54. Qc3+ Kh7 55. Qc7+ Kh8 56. h6 Qf8 57. Qg7+ Qxg7+ 58. hxg7+ Kxg7 59. Kc3 Kf6 60. Kd4 Ke6 61. b4 d5 62. b5 Kd6 63. b6 Kc6 64. b7 Kxb7 65. Kxd5 Kc7 66. Kc5 Kd7 67. c3 Kc7 68. c4 Kd7 69. Kb6 Ke6 70. c5 Ke5 71. c6 Kf4 72. c7 Kxg4 73. c8=Q+ Kf3 74. Qc5 g4 75. Qg1 g3 76. Kc5 g2 77. Kd4 Kf4 78. Qxg2 Kf5 79. Kd5 Kf6 80. Kd6 Kf5 81. Qe2 Kf4 82. Qe5+ Kg4 83. Qf6 Kh5 84. Qg7 Kh4 85. Ke5 Kh3 86. Kf4 Kh2 87. Kf3 Kh1 88. Qg2# 1-0

[Event "EYCC G10-ch 2024"]
[Site "Prague"]
[Date "2024.08.31"]
[Round "9.3"]
[White "Rzadkowska, Lila"]
[Black "Constantin-Ciuntu, Anne-Sophie"]
[Result "1-0"]
[ECO "D40"]
[WhiteElo "1794"]
[BlackElo "1641"]
[Annotator "NA RC COMBH"]
[PlyCount "61"]
[EventDate "2024.08.19"]
[EventType "swiss"]
[EventCountry "CZE"]
[SourceTitle "playchess.com"]
[Source "ChessBase"]
[SourceQuality "1"]
[TimeControl "5400+30"]

1. c4 e6 2. Nc3 Nf6 3. Nf3 d5 4. d4 c5 5. e3 Nc6 6. a3 b6 7. cxd5 exd5 8. Bb5 Bb7 9. Ne5 Rc8 10. Qa4 Qc7 11. Qxa7 Bd6 12. Bxc6+ Bxc6 13. Qxc7 Rxc7 14. Nxc6 Rxc6 15. O-O c4 16. f3 O-O 17. e4 dxe4 18. fxe4 Bb8 19. e5 Nd7 20. Nd5 Re8 21. Bg5 Rce6 22. Rad1 h6 23. Bh4 g5 24. Bg3 Rf8 25. Ne3 f6 26. d5 Ree8 27. e6 Bxg3 28. hxg3 Ne5 29. Nf5 Ng4 30. e7 Rf7 31. d6 1-0

[Event "EYCC G10-ch 2024"]
[Site "Prague"]
[Date "2024.08.31"]
[Round "9.4"]
[White "Slusarczyk, Agnieszka"]
[Black "Bhaumik, Mehr"]
[Result "1-0"]
[ECO "B20"]
[WhiteElo "1614"]
[BlackElo "1606"]
[Annotator "NA RC COMBH"]
[PlyCount "121"]
[EventDate "2024.08.19"]
[EventType "swiss"]
[EventCountry "CZE"]
[SourceTitle "playchess.com"]
[Source "ChessBase"]
[SourceQuality "1"]
[TimeControl "5400+30"]

1. e4 c5 2. Ne2 d6 3. g3 Nf6 4. Bg2 a6 5. c3 e6 6. O-O Be7 7. d4 cxd4 8. cxd4 O-O 9. Nbc3 Nbd7 10. h3 Rb8 11. f4 b5 12. g4 Nb6 13. b3 b4 14. Nb1 Bb7 15. Nd2 d5 16. e5 Ne4 17. Nxe4 dxe4 18. Ng3 f5 19. exf6 Bxf6 20. Be3 Nd5 21. Bc1 Nc3 22. Qc2 Bxd4+ 23. Kh2 Rc8 24. Qd2 e3 25. Qe1 Bxg2 26. Kxg2 e2 27. Rf3 e5 28. Nf5 e4 29. Rg3 g6 30. Nxd4 Qxd4 31. Be3 Qf6 32. a3 Nd1 33. Ra2 Nc3 34. Ra1 Rfd8 35. Bd2 Rd3 36. axb4 Nd5 37. Qxe2 Qxa1 38. Rxd3 exd3 39. Qe6+ Kg7 40. Qd7+ Ne7 41. Qxe7+ Kh8 42. Qd7 Rg8 43. Qxd3 Qb2 44. Qc3+ Qxc3 45. Bxc3+ Rg7 46. Bxg7+ Kxg7 47. Kf3 Kf6 48. Ke4 Ke6 49. f5+ gxf5+ 50. gxf5+ Kf6 51. Kf4 h6 52. h4 Kf7 53. Ke5 h5 54. f6 Kf8 55. Ke6 Ke8 56. f7+ Kf8 57. Kf6 a5 58. b5 a4 59. b6 a3 60. b7 a2 61. b8=Q# 1-0

[Event "EYCC G10-ch 2024"]
[Site "Prague"]
[Date "2024.08.31"]
[Round "9.5"]
[White "Karabas, Beren Nisa"]
[Black "Anistoroaei, Maria"]
[Result "0-1"]
[ECO "D00"]
[WhiteElo "1494"]
[BlackElo "1627"]
[Annotator "NA RC COMBH"]
[PlyCount "142"]
[EventDate "2024.08.19"]
[EventType "swiss"]
[EventCountry "CZE"]
[SourceTitle "playchess.com"]
[Source "ChessBase"]
[SourceQuality "1"]
[TimeControl "5400+30"]

1. d4 d5 2. Bf4 e6 3. e3 Nf6 4. Nd2 c5 5. c3 Nc6 6. Bd3 Be7 7. Ngf3 O-O 8. Ne5 Bd6 9. Bg3 Qc7 10. f4 cxd4 11. exd4 Ne7 12. Bf2 Ng6 13. Qf3 Bd7 14. g4 Ne8 15. Be3 Be7 16. Ke2 Nd6 17. h4 Bb5 18. Bxb5 Nxb5 19. h5 Nxe5 20. dxe5 Qd7 21. h6 g6 22. Nb3 Rac8 23. a4 Qc6 24. Na5 Nxc3+ 25. bxc3 Qa6+ 26. Kf2 Qxa5 27. Bd4 Bc5 28. Ra2 Bxd4+ 29. cxd4 Rc4 30. Qe3 Rfc8 31. Rd1 Rxa4 32. Rxa4 Qxa4 33. Rd2 Qd7 34. Qa3 Qd8 35. g5 a6 36. Rb2 Qc7 37. Qb4 Qc1 38. Qd2 Qxd2+ 39. Rxd2 Kf8 40. Rb2 b5 41. Ra2 Rc6 42. Ke2 b4 43. Kd3 Ke7 44. Ra4 Rb6 45. Kc2 Kd7 46. Kb3 Kc6 47. Ra2 Kb5 48. Rc2 Rc6 49. Rxc6 Kxc6 50. Kxb4 Kb6 51. Ka4 a5 52. Ka3 Kb5 53. Kb3 a4+ 54. Kc3 a3 55. Kb3 a2 56. Kxa2 Kc4 57. Kb2 Kxd4 58. Kc2 Ke3 59. Kd1 d4 60. Ke1 d3 61. Kd1 d2 62. f5 exf5 63. e6 fxe6 64. Kc2 Ke2 65. Kb2 d1=Q 66. Ka2 Qa4+ 67. Kb2 Qc4 68. Ka3 Qb5 69. Ka2 Kd2 70. Ka3 Kc3 71. Ka2 Qb2# 0-1

[Event "EYCC G10-ch 2024"]
[Site "Prague"]
[Date "2024.08.31"]
[Round "9.6"]
[White "Rekhviashvili, Mariam"]
[Black "Paunescu, Aida"]
[Result "1-0"]
[ECO "B01"]
[WhiteElo "1542"]
[BlackElo "1603"]
[Annotator "NA RC COMBH"]
[PlyCount "57"]
[EventDate "2024.08.19"]
[EventType "swiss"]
[EventCountry "CZE"]
[SourceTitle "playchess.com"]
[Source "ChessBase"]
[SourceQuality "1"]
[TimeControl "5400+30"]

1. e4 d5 2. exd5 Nf6 3. d4 Nxd5 4. c4 Nb6 5. Nf3 g6 6. Nc3 Bg7 7. Be2 Bg4 8. h3 Bxf3 9. Bxf3 c6 10. c5 N6d7 11. Be3 e6 12. Ne4 O-O 13. O-O Qc7 14. Nd6 Na6 15. Qe2 e5 16. dxe5 Naxc5 17. Bf4 Ne6 18. Bg3 Nb6 19. Rfd1 Rfd8 20. Rac1 Nc8 21. Bg4 Ne7 22. Qc4 b5 23. Qb3 h5 24. Bxe6 fxe6 25. Qxe6+ Kh7 26. Ne4 Rxd1+ 27. Rxd1 Rd8 28. Rxd8 Qxd8 29. Ng5+ 1-0

[Event "EYCC G10-ch 2024"]
[Site "Prague"]
[Date "2024.08.31"]
[Round "9.7"]
[White "Wang, Yi Xuan"]
[Black "Tykalova, Barbora"]
[Result "1-0"]
[ECO "D43"]
[WhiteElo "1734"]
[BlackElo "1580"]
[Annotator "NA RC COMBH"]
[PlyCount "67"]
[EventDate "2024.08.19"]
[EventType "swiss"]
[EventCountry "CZE"]
[SourceTitle "playchess.com"]
[Source "ChessBase"]
[SourceQuality "1"]
[TimeControl "5400+30"]

1. d4 d5 2. c4 c6 3. Nc3 Nf6 4. Nf3 e6 5. cxd5 exd5 6. Bg5 h6 7. Bh4 Be7 8. Qc2 Nbd7 9. e3 O-O 10. Bd3 b6 11. O-O Bb7 12. Rac1 c5 13. Qe2 Rc8 14. Bb1 c4 15. Ne5 Nxe5 16. dxe5 Ne4 17. Nxe4 dxe4 18. Rfd1 Qc7 19. Bg3 Qc6 20. Rd4 Qg6 21. Rd7 Ba6 22. Rxe7 Bb5 23. h3 a6 24. a4 Bxa4 25. Qg4 Qc6 26. Qxe4 Qxe4 27. Bxe4 Rfd8 28. Bb7 Rc5 29. Bxa6 Ra8 30. Bb7 Ra7 31. Ra1 Kf8 32. Rd7 Rca5 33. Rc7 Ke8 34. Bc6+ 1-0